Map: Dusk Towers

Players

FireCake

  • Race: Zerg Zerg
  • League: Diamond

Solar - Winner!

  • Race: Zerg Zerg
  • League: Diamond

Event: DreamHack ROCCAT LotV Championship

VOD

Have the link to the VOD?

Description

Time

  • Played on: Nov. 28, 2015, 10:26 a.m.
  • Length: 6:47

All games in this series

Show
View Real Time Build Order
Export as new Build Order

FireCake Zerg 

Build Orders: Hatch First 

Get SALT Encoding   

  12  0:00  Drone  
  13  0:08  Drone  
  14  0:17  Overlord  
  14  0:23  Extractor  
  14  0:24  Drone  
  15  0:35  Drone x2  
  17  0:51  Hatchery  
  17  0:55  Drone  
  17  0:59  Drone  
  18  1:09  Extractor  
  17  1:13  Spawning Pool  
  17  1:16  Drone  
  17  1:19  Drone  
  18  1:27  Drone  
  19  1:38  Overlord  
  19  1:48  Drone  
  20  1:58  Drone  
  20  2:00  Queen  
  23  2:03  Queen  
  23  2:04  Drone  
  26  2:08  Metabolic Boost  
  26  2:10  Drone  
  27  2:17  Drone  
  27  2:20  Drone  
  29  2:28  Baneling Nest  
  28  2:30  Zergling x2  
  28  2:34  Drone  
  30  2:38  Drone  
  31  2:45  Hatchery  
  31  2:48  Zergling x2  
  31  2:52  Drone  
  31  2:55  Overlord  
  32  3:02  Drone  
  33  3:11  Zergling x6  
  36  3:16  Drone x5  
  36  3:19  Baneling  
  41  3:20  Baneling  
  41  3:22  Overlord  
  41  3:32  Roach Warren  
  40  3:34  Drone x2  
  40  3:35  Extractor  
  41  3:43  Queen  
  41  3:46  Drone x3  
  46  3:48  Drone  
  46  3:54  Drone x2  
  49  3:55  Overlord  
  49  4:05  Overlord  
  49  4:16  Roach x5  
  49  4:17  Roach  
  61  4:19  Roach  
  61  4:23  Roach  
  61  4:24  Roach  
  67  4:29  Overlord  
  66  4:41  Drone x7  
  66  4:43  Overlord  
  73  4:50  Drone  
  73  4:51  Drone  
  75  4:53  Drone  
  75  4:55  Evolution Chamber, Drone  
  75  4:56  Extractor  
  75  5:02  Roach x4  
  83  5:16  Roach  
  83  5:17  Roach x3  
  79  5:23  Roach  
  79  5:24  Roach  
  79  5:33  Drone x5  
  80  5:40  Drone x2  
  80  5:41  Drone x4  
  86  5:50  Roach x2  
  86  5:59  Roach  
  86  6:00  Roach  
  78  6:05  Roach x4  
  78  6:06  Roach  
  77  6:12  Roach  
  74  6:23  Roach, Zergling x2  
  74  6:24  Zergling x10  
Show
View Real Time Build Order
Export as new Build Order

Solar Zerg - Winner!

Build Orders: Hatch First, Roach Nydus 

Get SALT Encoding   

  12  0:00  Drone  
  13  0:12  Overlord  
  13  0:17  Drone  
  14  0:30  Drone x2  
  14  0:34  Drone  
  17  0:52  Hatchery  
  17  0:54  Drone  
  17  0:56  Drone  
  18  1:05  Extractor  
  18  1:06  Drone  
  18  1:15  Spawning Pool  
  17  1:19  Drone  
  18  1:28  Drone  
  19  1:39  Overlord  
  20  1:54  Drone  
  20  2:02  Queen, Zergling x2  
  20  2:04  Drone, Queen  
  26  2:12  Drone  
  26  2:15  Drone  
  28  2:23  Drone  
  28  2:28  Drone  
  30  2:33  Overlord  
  31  2:37  Drone  
  31  2:38  Queen  
  31  2:39  Queen  
  35  2:44  Drone  
  35  2:51  Overlord  
  36  2:53  Drone  
  37  2:58  Drone  
  37  3:04  Drone  
  38  3:08  Drone  
  38  3:10  Drone x2  
  38  3:11  Drone x2  
  43  3:13  Drone x2  
  43  3:15  Lair  
  43  3:17  Overlord  
  45  3:20  Drone  
  45  3:26  Roach Warren  
  45  3:30  Drone  
  45  3:31  Drone  
  47  3:36  Extractor  
  47  3:37  Extractor  
  47  3:40  Drone  
  46  3:42  Drone  
  46  3:46  Drone x2  
  46  3:47  Overlord  
  46  3:48  Overlord  
  49  4:05  Roach x3  
  49  4:06  Roach x3  
  61  4:14  Nydus Network  
  60  4:20  Roach x2  
  60  4:21  Overlord  
  60  4:22  Overlord  
  64  4:31  Roach  
  64  4:32  Roach  
  64  4:33  Hatchery  
  67  4:38  Roach x2  
  67  4:39  Roach  
  67  4:42  Roach  
  75  4:55  Nydus Canal  
  75  4:56  Roach  
  75  4:58  Overlord, Roach  
  75  4:59  Queen  
  79  5:01  Roach  
  79  5:03  Roach  
  79  5:06  Roach  
  87  5:15  Roach x2  
  87  5:16  Queen  
  87  5:27  Nydus Canal  
  87  5:28  Roach  
  81  5:30  Roach  
  81  5:33  Roach  
  79  5:36  Roach  
  79  5:40  Roach  
  79  5:41  Queen  
  81  5:44  Roach  
  81  5:47  Roach  
  85  5:51  Roach  
  85  5:52  Zergling x4  
  85  5:56  Roach  
  91  5:59  Roach  
  91  6:01  Roach  
  85  6:06  Roach  
  85  6:09  Roach x2  
  89  6:12  Roach  
  89  6:13  Roach  
  89  6:17  Roach  
  93  6:20  Roach  
  93  6:23  Roach  
  90  6:28  Roach x2  

Tags
 
Add a new tag
Caveats
  • Supply blocks, unpowered buildings, or Contaminate may cause inaccurate times.
  • Supply counts are checked every 10 seconds.